 Dungeon Sprint DCSS version 0.29-a0-384-g6960b1960d (webtiles) character file.

Game seed: 10394854803306464828

25718 mhtbhm the Executioner (level 12, -12/139 HPs)
             Began as a Minotaur Berserker on May 7, 2022.
             Was the Champion of Trog.
             Mangled by a merfolk impaler
             ... wielding a +3 demon trident of electrocution
              (18 damage)
             ... in the Dungeon (Sprint VII: "The Pits").
             The game lasted 00:07:02 (4079 turns).

mhtbhm the Executioner (Minotaur Berserker)         Turns: 4079, Time: 00:07:03

Health: -12/139    AC: 24    Str: 30    XL:     12   Next: 92%
Magic:  11/11      EV: 15    Int:  4    God:    Trog [******]
Gold:   62         SH:  0    Dex: 10    Spells: 11/11 levels left

rFire   . . .      SeeInvis .   a - +5 battleaxe of Breach {vorpal, Fly rN+ Str+3}
rCold   + . .      Faith    .   (shield currently unavailable)
rNeg    + . .      Spirit   .   b - +1 plate armour {rC+}
rPois   .          Reflect  .   (helmet restricted)
rElec   .          Harm     .   n - +0 cloak
rCorr   .          Rampage  .   (no gloves)
Will    .....      NoTele   +   (no boots)
Stlth   ..........              (no amulet)
HPRegen 0.33/turn               k - +3 ring of protection
MPRegen 0.12/turn               l - +3 ring of evasion

@: on berserk cooldown, flying, slowed, studying Invocations, very slow
A: horns 2, retaliatory headbutt
a: Renounce Religion, Berserk, Trog's Hand, Brothers in Arms


You were in the Dungeon.
You worshipped Trog.
Trog was exalted by your worship.
You visited 1 branch You collected 62 gold pieces.

Inventory:

Hand Weapons
 a - the +5 battleaxe of Breach (weapon) {vorpal, Fly rN+ Str+3}
   (Trog gifted it to you in the Dungeon)

   It inflicts extra damage upon your enemies.
   Str:       It affects your strength (+3).
   rN:        It protects you from negative energy.
   Fly:       It grants you flight.
 o - a +3 broad axe of flaming
 x - the +7 broad axe of Elitism {vorpal, Will+}
   (Trog gifted it to you in the Dungeon)

   It inflicts extra damage upon your enemies.
   Will:      It increases your willpower.
 y - a +6 antimagic executioner's axe
Missiles
 z - 6 boomerangs (quivered)
Armour
 b - a +1 plate armour of cold resistance (worn)
 n - a +0 cloak (worn)
Jewellery
 k - a +3 ring of protection (left hand)
 l - a +3 ring of evasion (right hand)
 v - a ring of protection from cold
 w - a ring of willpower
Scrolls
 h - 2 scrolls of fear
 j - a scroll of summoning
 p - 2 scrolls of blinking
 q - 4 scrolls of enchant weapon
 r - a scroll of fog
 t - 2 scrolls of enchant armour
Potions
 c - 10 potions of curing
 d - 5 potions of heal wounds
 e - 4 potions of haste
 f - 4 potions of magic
 g - 6 potions of berserk rage
 i - 2 potions of invisibility
 m - 4 potions of might
 s - a potion of resistance


   Skills:
 + Level 22.6 Fighting
 + Level 25.0 Axes
 + Level 19.2 Armour
 + Level 10.2 Dodging
 + Level 2.9 Stealth


You had 11 spell levels left.
You didn't know any spells.
Your spell library was empty.

Dungeon Overview and Level Annotations

Branches:
Dungeon (1/1)

Altars:
Gozag
Hepliaklqana
Sif Muna
Trog
Jiyva


Innate Abilities, Weirdness & Mutations

You have a pair of horns on your head.
You reflexively headbutt those who attack you in melee.


Message History

You headbutt the merfolk impaler! You barely miss the merfolk impaler.
Your headbutt misses the merfolk impaler.
The merfolk impaler is moderately wounded.
The merfolk impaler closely misses you. The merfolk impaler barely misses you.
You miss the merfolk impaler.
Your headbutt misses the merfolk impaler.
The merfolk impaler is moderately wounded.
The merfolk impaler hits you with a +3 demon trident of electrocution!
The merfolk impaler misses you. You furiously retaliate!
You headbutt the merfolk impaler! You slice the merfolk impaler!!
The merfolk impaler is almost dead.
The merfolk impaler closely misses you.
The merfolk impaler hits you but does no damage.
You barely miss the merfolk impaler.
Your headbutt misses the merfolk impaler.
The merfolk impaler is severely wounded.
The merfolk impaler barely misses you.
You miss the merfolk impaler.
The merfolk impaler is severely wounded.
The merfolk impaler hits you with a +3 demon trident of electrocution!
* * * LOW HITPOINT WARNING * * *
The merfolk impaler barely misses you.
You slash the merfolk impaler!
The merfolk impaler is almost dead.
The merfolk impaler hits you with a +3 demon trident of electrocution!!
* * * LOW HITPOINT WARNING * * *
The merfolk impaler hits you with a +3 demon trident of electrocution.
* * * LOW HITPOINT WARNING * * *
You hear a shout!
You feel much better.
The merfolk impaler hits you but does no damage.
You are electrocuted!
* * * LOW HITPOINT WARNING * * *
A blizzard demon comes into view.
The merfolk impaler hits you with a +3 demon trident of electrocution.
* * * LOW HITPOINT WARNING * * *
The merfolk impaler hits you with a +3 demon trident of electrocution!!
You die...

*,,,,*,,,,,*,,,,,,,,*,,,,,,,,,*,
*++*****************************
*++*********####################
*,,*,,,,,,,*#...................
*,,*,,,,,,,*#...................
*,,+,,,,,,,*#..################.
*,,*,,,,,,,*#..##.#,*,*,*,*,*,#.
*,,*,,,,,,,*#.)#2#,*,*,*,*,*,*#.
*,,*,,,,,,,*#..@#,*,*,*,*,*,*,#.
*,,*,,,,,,,*#.[#m#,*,*,*,*,*,*#.
*,,*,,,,,,,*#..##Z#,*,*,*,*,*,#.
************#..#*##***********#.
******#######...,,,,,,,,,,,,,,,,
*_________.##....,,,,,,,,,,,,,,,
*_________.######*****++********
*_______,..###########++########
##########'##................##.


You could see a merfolk impaler, a blizzard demon and a bat zombie.

Vanquished Creatures
  A death cob (D)
  An emperor scorpion (D)
  A deep elf sorcerer (D)
  A vampire knight (D)
  A merfolk javelineer (D)
  Erolcha (D)
  2 boulder beetles (D)
  A hydra (D)
  A merfolk avatar (D)
  2 two-headed ogres (D)
  A death knight (D)
  A deep troll shaman (D)
  A spriggan (D)
  2 flayed ghosts (D)
  A sea snake (D)
  3 deep trolls (D)
  A spriggan druid (D)
  A large abomination (D)
  A phantasmal warrior (D)
  An orc knight (D)
  A swamp dragon (D)
  A lindwurm (D)
  2 deep elf pyromancers (D)
  3 gargoyles (D)
  A molten gargoyle (D)
  2 rime drakes (D)
  An unseen horror (D)
  A freezing wraith (D)
  A hellwing (D)
  A red devil (D)
  3 wind drakes (D)
  4 merfolk (D)
  A tyrant leech (D)
  2 tarantellas (D)
  A hornet (D)
  2 dream sheep (D)
  2 flying skulls (D)
  A jumping spider (D)
  Sigmund (D)
  An air elemental (D)
  A ynoxinul (D)
  A shadow (D)
  A redback (D)
  2 fire bats (D)
  A steam dragon (D)
  A warg (D)
  An acid dragon (D)
  2 floating eyes (D)
  An orc warrior (D)
  2 black bears (D)
  A wolf (D)
  A centaur (D)
  2 scorpions (D)
  A gnoll sergeant (D)
  6 wights (D)
  A small abomination (D)
  A crimson imp (D)
  2 quasits (D)
  2 orc priests (D)
  An iguana (D)
  2 orc wizards (D)
  A hell rat (D)
  6 gnolls (D)
  2 adders (D)
  A river rat (D)
  2 ufetubi (D)
  2 orcs (D)
  An endoplasm (D)
  A giant cockroach (D)
  2 jackals (D)
  A ball python (D)
  A giant cockroach zombie (D)
  A quokka zombie (D)
111 creatures vanquished.

Vanquished Creatures (collateral kills)
  2 dream sheep (D)
  An ice beast (D)
  2 wights (D)
5 creatures vanquished.

Grand Total: 116 creatures vanquished

Notes
Turn   | Place    | Note
-------+----------+-------------------------------------------
     0 | D        | mhtbhm the Minotaur Berserker began the quest for the Orb.
     0 | D        | Reached XP level 1. HP: 19/19 MP: 0/0
    16 | D        | Reached skill level 4 in Axes
    16 | D        | Reached XP level 2. HP: 22/28 MP: 1/1
   137 | D        | Reached ** piety under Trog
   138 | D        | Reached skill level 5 in Axes
   208 | D        | Reached skill level 5 in Fighting
   212 | D        | Noticed a scorpion
   216 | D        | Reached skill level 6 in Axes
   216 | D        | Reached XP level 3. HP: 37/37 MP: 2/2
   221 | D        | Killed a scorpion
   221 | D        | Reached *** piety under Trog
   222 | D        | Reached skill level 7 in Axes
   222 | D        | Reached XP level 4. HP: 26/47 MP: 3/3
   465 | D        | Found a bloodstained altar of Trog.
   465 | D        | Found a shimmering blue altar of Sif Muna.
   465 | D        | Found a viscous altar of Jiyva.
   465 | D        | Found a hazy altar of Hepliaklqana.
   465 | D        | Found an opulent altar of Gozag.
   489 | D        | Noticed a warg
   491 | D        | Reached skill level 8 in Axes
   494 | D        | Reached **** piety under Trog
   495 | D        | Reached skill level 9 in Axes
   495 | D        | Reached XP level 5. HP: 56/56 MP: 4/4
   497 | D        | Reached skill level 10 in Axes
   499 | D        | Killed a warg
   499 | D        | Reached ***** piety under Trog
   500 | D        | Reached skill level 10 in Fighting
   500 | D        | Reached skill level 11 in Axes
   500 | D        | Reached skill level 5 in Armour
   500 | D        | Reached skill level 5 in Dodging
   500 | D        | Reached XP level 6. HP: 66/66 MP: 5/5
   592 | D        | Noticed Sigmund
   600 | D        | Killed Sigmund
   601 | D        | Reached skill level 12 in Axes
   601 | D        | Reached XP level 7. HP: 68/74 MP: 6/6
   633 | D        | Reached skill level 13 in Axes
   725 | D        | Received a gift from Trog
   726 | D        | Paralysed by a floating eye for 4 turns
   736 | D        | Paralysed by a floating eye for 4 turns
   744 | D        | Reached skill level 14 in Axes
   832 | D        | Noticed a rime drake
   832 | D        | Noticed a redback
   834 | D        | Killed a redback
   835 | D        | Reached XP level 8. HP: 85/85 MP: 7/7
   837 | D        | Killed a rime drake
   838 | D        | Reached skill level 15 in Axes
   957 | D        | Noticed a boulder beetle
   978 | D        | Killed a boulder beetle
   978 | D        | Identified the +7 broad axe of Elitism {vorpal, Will+}
                  | (Trog gifted it to you in the Dungeon)
   978 | D        | Received a gift from Trog
   979 | D        | Reached skill level 16 in Axes
   979 | D        | Reached XP level 9. HP: 39/95 MP: 8/8
  1263 | D        | Noticed a two-headed ogre
  1264 | D        | Noticed a flayed ghost
  1270 | D        | Reached skill level 17 in Axes
  1272 | D        | Killed a two-headed ogre
  1273 | D        | Reached skill level 18 in Axes
  1273 | D        | Reached skill level 10 in Armour
  1276 | D        | Killed a flayed ghost
  1276 | D        | Reached ****** piety under Trog
  1277 | D        | Reached skill level 15 in Fighting
  1562 | D        | Noticed a gargoyle
  1563 | D        | Noticed a sea snake
  1568 | D        | Reached XP level 10. HP: 93/105 MP: 9/9
  1568 | D        | Killed a gargoyle
  1569 | D        | Reached skill level 19 in Axes
  1573 | D        | Killed a sea snake
  1633 | D        | Noticed a phantasmal warrior
  1639 | D        | Killed a phantasmal warrior
  1639 | D        | Received a gift from Trog
  1644 | D        | Reached skill level 20 in Axes
  1843 | D        | Noticed a deep elf pyromancer
  1850 | D        | Killed a deep elf pyromancer
  1917 | D        | Received a gift from Trog
  2029 | D        | Noticed a deep elf pyromancer
  2029 | D        | Noticed a spriggan druid
  2029 | D        | Noticed a vampire knight
  2033 | D        | Paralysed by a vampire knight for 2 turns
  2035 | D        | HP: 5/105 [wight/+3 battleaxe (5)]
  2039 | D        | Killed a deep elf pyromancer
  2039 | D        | Received a gift from Trog
  2040 | D        | Reached skill level 21 in Axes
  2042 | D        | Killed a spriggan druid
  2043 | D        | Reached XP level 11. HP: 31/117 MP: 10/10
  2048 | D        | Killed a vampire knight
  2048 | D        | Received a gift from Trog
  2385 | D        | Noticed a lindwurm
  2385 | D        | Noticed a boulder beetle
  2386 | D        | Noticed a four-headed hydra
  2391 | D        | Received a gift from Trog
  2395 | D        | Killed a lindwurm
  2396 | D        | Reached skill level 15 in Armour
  2400 | D        | Reached skill level 22 in Axes
  2407 | D        | Killed a one-headed hydra
  2408 | D        | Received a gift from Trog
  2863 | D        | Killed a boulder beetle
  3063 | D        | Noticed a death knight
  3070 | D        | Identified the +5 battleaxe of Breach {vorpal, Fly rN+
                  | Str+3} (Trog gifted it to you in the Dungeon)
  3070 | D        | Received a gift from Trog
  3074 | D        | Killed a death knight
  3075 | D        | Reached skill level 1 in Stealth
  3320 | D        | Noticed a spriggan rider
  3332 | D        | Killed a spriggan rider
  3333 | D        | Reached skill level 23 in Axes
  3474 | D        | Noticed a death cob
  3480 | D        | Killed a death cob
  3481 | D        | Reached XP level 12. HP: 132/132 MP: 11/11
  3482 | D        | Received a gift from Trog
  3572 | D        | Noticed a two-headed ogre
  3572 | D        | Noticed a deep troll shaman
  3575 | D        | Killed a two-headed ogre
  3577 | D        | Killed a deep troll shaman
  3585 | D        | Received a gift from Trog
  3586 | D        | Reached skill level 10 in Dodging
  3692 | D        | Noticed a deep elf sorcerer
  3692 | D        | Noticed a merfolk javelineer
  3700 | D        | Killed a deep elf sorcerer
  3701 | D        | Reached skill level 24 in Axes
  3702 | D        | Killed a merfolk javelineer
  3715 | D        | Received a gift from Trog
  4034 | D        | Noticed an emperor scorpion
  4040 | D        | Noticed Erolcha
  4053 | D        | Killed an emperor scorpion
  4055 | D        | Killed Erolcha
  4060 | D        | Received a gift from Trog
  4062 | D        | Noticed a merfolk avatar
  4066 | D        | Killed a merfolk avatar
  4067 | D        | Reached skill level 25 in Axes
  4070 | D        | Noticed a merfolk impaler
  4078 | D        | HP: 6/139 [merfolk impaler/+3 demon trident of
                  | electrocution (2)]
  4079 | D        | Noticed a blizzard demon
  4079 | D        | Mangled by a merfolk impaler

Illustrated notes

Levels and vault maps discovered:
D:        pitsprint [storerooms_1, entrance_room_1, metal_vault_4, armoury_3,
          mini_pit_1, grid_room_1, main_hall_1, silver_pit, the_coven_1,
          the_vestibule_1, steel_vault_5, golden_pit, hallway_of_sentries,
          crystal_vault_2, iron_vault_5, final_vault]

Skill      XL: |  1  2  3  4  5  6  7  8  9 10 11 12 |
---------------+-------------------------------------+-----
Fighting       | 4 5 7 8 10 11 12 14 15 17 19 22 | 22.6
Axes           | 4 6 7 9 11 12 14 16 18 21 23 25 | 25.0
Armour         | 3 4 5 7 8 11 14 17 19 | 19.2
Dodging        | 3 4 5 6 7 8 9 10 | 10.2
Stealth        | 1 2 |  2.9

Action                   |  1- 3 |  4- 6 |  7- 9 | 10-12 || total
-------------------------+-------+-------+-------+-------++-------
Melee: Hand axe          |    19 |    23 |    20 |       ||    62
       Headbutt          |     1 |     2 |     6 |    32 ||    41
       Broad axe         |       |       |    39 |    82 ||   121
       Punch             |       |       |       |     1 ||     1
       Battleaxe         |       |       |       |    84 ||    84
Invok: Berserk           |       |     1 |     2 |     6 ||     9
       Brothers in Arms  |       |       |       |     1 ||     1
  Use: Potion            |       |       |     2 |     4 ||     6
       Scroll            |       |       |       |     2 ||     2
Armor: Animal skin       |     3 |       |       |       ||     3
       Scale mail        |       |     5 |    28 |       ||    33
       Chain mail        |       |       |     7 |    55 ||    62
       Plate armour      |       |       |       |    41 ||    41
Dodge: Dodged            |     9 |    10 |    25 |   105 ||   149

Table legend: (Time is in decaauts)
 A = Elapsed time spent in this place.
 B = Non-inter-level travel time spent in this place.
 C = Inter-level travel time spent in this place.
 D = Time resting spent in this place.
 E = Time spent auto-exploring this place.
 F = Levels seen in this place.
 G = Mean time per level.
                   A        B        C        D        E       F      G
               +--------+--------+--------+--------+--------+-----+--------+
         Total |   4082 |   4082 |      0 |   2983 |     19 |   1 | 4082.0 |
       Dungeon |   4082 |   4082 |      0 |   2983 |     19 |   1 | 4082.0 |
               +--------+--------+--------+--------+--------+-----+--------+

Top non-repeatable levels by time:
       D: 4082 daAuts
